BLB
PHOENIX ROADRUNNERS @ CAROLINA TOBS
03/28/2060
 
TOP OF THE 1ST
Phoenix Roadrunners batting - Pitching for Carolina Tobs : LHP Miles Licon
Pitching: LHP Miles Licon
Batting: LHB Devon Cundiff 0-0: Called Strike
0-1: Ball
1-1: Fly out, F7 (Line Drive, 7D, EV 104.4 MPH)
Batting: RHB Dalton Banks 0-0: Ball
1-0: Ball
2-0: Ball
3-0: Called Strike
3-1: Base on Balls
Batting: RHB Harrison Jordan 0-0: Ball
1-0: Swinging Strike
1-1: Foul Ball, location: 2F
1-2: Ball
2-2: Strikes out swinging
Batting: RHB Boone Gellings 0-0: Ball
Dalton Banks is caught stealing 2nd base 2-4
Top of the 1st over - 0 runs, 0 hits, 0 errors, 0 left on base; Phoenix 0 - Carolina 0
BOTTOM OF THE 1ST
Carolina Tobs batting - Pitching for Phoenix Roadrunners : RHP Ismael McFarland
Pitching: RHP Ismael McFarland
Batting: SHB Sean Benjamin 0-0: Ground out 4-3 (Groundball, 4, EV 91.2 MPH)
Batting: LHB Clay Newhouse 0-0: Ball
1-0: Ball
2-0: Ball
3-0: Called Strike
3-1: Foul Ball, location: 2F
3-2: Foul Ball, location: 2F
3-2: Ground out 6-3 (Groundball, 6, EV 80.6 MPH)
Batting: LHB Trent West 0-0: Ball
1-0: Ball
2-0: Called Strike
2-1: Swinging Strike
2-2: Foul Ball, location: 2F
2-2: SINGLE (Line Drive, 8LS, EV 110.0 MPH)
Batting: LHB Evan Turner 0-0: Called Strike
0-1: Fly out, F9 (Flyball, 9D, EV 102.5 MPH)
Bottom of the 1st over - 0 runs, 1 hit, 0 errors, 1 left on base; Phoenix 0 - Carolina 0
TOP OF THE 2ND
Phoenix Roadrunners batting - Pitching for Carolina Tobs : LHP Miles Licon
Batting: RHB Boone Gellings 0-0: DOUBLE (Flyball, 8LXD, EV 112.5 MPH)
Batting: RHB Tyrek Schaaf 0-0: Ball
1-0: Swinging Strike
1-1: Foul Ball, location: 2F
1-2: Strikes out looking
Batting: LHB Dwight Bell 0-0: Ball
1-0: Swinging Strike
1-1: Foul Ball, location: 2F
1-2: Ball
2-2: DOUBLE (Line Drive, 78D, EV 102.5 MPH)
Boone Gellings scores
Batting: LHB Neil Wanat 0-0: Called Strike
0-1: Called Strike
0-2: Ball
1-2: Ground out 6-3 (Groundball, 6M, EV 99.4 MPH)
Dwight Bell to third
Batting: RHB Bailey Ray 0-0: Foul Ball, location: 2F
0-1: Ball
1-1: Swinging Strike
1-2: Ball
2-2: Ground out 4-3 (Groundball, 4, EV 78.8 MPH)
Top of the 2nd over - 1 run, 2 hits, 0 errors, 1 left on base; Phoenix 1 - Carolina 0
BOTTOM OF THE 2ND
Carolina Tobs batting - Pitching for Phoenix Roadrunners : RHP Ismael McFarland
Batting: LHB Kyle Siebert 0-0: Ball
1-0: Ground out 6-3 (Groundball, 6MD, EV 103.1 MPH)
Batting: RHB Rykeem Potts 0-0: Ball
1-0: Foul Ball, location: 2F
1-1: Foul Ball, location: 2F
1-2: Ground out 6-3 (Groundball, 6, EV 102.5 MPH)
Batting: RHB Johnathan Shillito 0-0: Ball
1-0: DOUBLE (Line Drive, 8LXD, EV 112.5 MPH)
Batting: SHB Shaunte Panteleo 0-0: Ball
1-0: Ball
2-0: Called Strike
2-1: Foul Ball, location: 2F
2-2: Strikes out swinging
Bottom of the 2nd over - 0 runs, 1 hit, 0 errors, 1 left on base; Phoenix 1 - Carolina 0
TOP OF THE 3RD
Phoenix Roadrunners batting - Pitching for Carolina Tobs : LHP Miles Licon
Batting: SHB Josiah Swallow 0-0: Ball
1-0: Fly out, F8 (Flyball, 8LS, EV 89.4 MPH)
Batting: LHB Devon Cundiff 0-0: Ball
1-0: Swinging Strike
1-1: Ball
2-1: Foul Ball, location: 2F
2-2: Strikes out swinging
Batting: RHB Dalton Banks 0-0: Ball
1-0: Ball
2-0: Ball
3-0: Called Strike
3-1: SOLO HOME RUN (Flyball, 7D, EV 98.8 MPH), Distance : 380 ft
Batting: RHB Harrison Jordan 0-0: Ball
1-0: Ground out 3-1 (Groundball, 34, EV 81.9 MPH)
Top of the 3rd over - 1 run, 1 hit, 0 errors, 0 left on base; Phoenix 2 - Carolina 0
BOTTOM OF THE 3RD
Carolina Tobs batting - Pitching for Phoenix Roadrunners : RHP Ismael McFarland
Batting: RHB Casey Suggs 0-0: Ball
1-0: Foul Ball, location: 2F
1-1: Ball
2-1: Swinging Strike
2-2: Foul Ball, location: 2F
2-2: Ball
3-2: Foul Ball, location: 2F
3-2: Foul Ball, location: 2F
3-2: SINGLE (Line Drive, 7S, EV 111.9 MPH)
Batting: SHB Sean Benjamin 0-0: DOUBLE (Line Drive, 3D, EV 94.4 MPH)
Casey Suggs to third
Batting: LHB Clay Newhouse 0-0: Foul Ball, location: 2F
0-1: Called Strike
0-2: Ball
1-2: Strikes out swinging
Batting: LHB Trent West 0-0: Ball
1-0: Ground out U3 (Groundball, 34S, EV 87.5 MPH)
Casey Suggs scores
Sean Benjamin to third
Batting: LHB Evan Turner 0-0: Ball
1-0: Ball
2-0: Ball
3-0: Called Strike
3-1: Base on Balls
Pitching: RHP Blake Galik
Batting: LHB Kyle Siebert 0-0: Foul Ball, location: 2F
0-1: Called Strike
0-2: Strikes out swinging
Bottom of the 3rd over - 1 run, 2 hits, 0 errors, 2 left on base; Phoenix 2 - Carolina 1
TOP OF THE 4TH
Phoenix Roadrunners batting - Pitching for Carolina Tobs : LHP Miles Licon
Batting: RHB Boone Gellings 0-0: Ball
1-0: Ball
2-0: Ball
3-0: Called Strike
3-1: SINGLE (Groundball, 6D, EV 105.0 MPH)
Batting: RHB Tyrek Schaaf 0-0: Ball
1-0: SINGLE (Flyball, 9S, EV 93.1 MPH)
Boone Gellings to second
Batting: LHB Dwight Bell 0-0: Ball
1-0: Called Strike
1-1: Foul Ball, location: 2F
1-2: Strikes out swinging
Batting: LHB Neil Wanat 0-0: Called Strike
0-1: Reached on error, E3 (Groundball, 3S, EV 82.5 MPH)
Boone Gellings to third
Tyrek Schaaf to second
Batting: RHB Bailey Ray 0-0: Called Strike
0-1: Ball
1-1: Foul Ball, location: 2F
1-2: Ball
2-2: Foul Ball, location: 2F
2-2: Strikes out swinging
Batting: SHB Josiah Swallow 0-0: Ball
1-0: Ball
Wild Pitch!
Boone Gellings scores
Tyrek Schaaf to third
Neil Wanat to second
2-0: Called Strike
2-1: Ball
3-1: Foul Ball, location: 2F
3-2: Strikes out swinging
Top of the 4th over - 1 run, 2 hits, 1 error, 2 left on base; Phoenix 3 - Carolina 1
BOTTOM OF THE 4TH
Carolina Tobs batting - Pitching for Phoenix Roadrunners : RHP Blake Galik
Pitching: LHP Gerold Lentz
Batting: RHB Rykeem Potts 0-0: Ball
1-0: Ball
2-0: Ball
3-0: Called Strike
3-1: Swinging Strike
3-2: Base on Balls
Batting: RHB Johnathan Shillito 0-0: Ball
1-0: Ball
2-0: Foul Ball, location: 2F
2-1: Called Strike
2-2: Strikes out swinging
Batting: SHB Shaunte Panteleo 0-0: Swinging Strike
0-1: Ball
1-1: Foul Ball, location: 2F
1-2: SINGLE (Groundball, 3D, EV 102.5 MPH)
Rykeem Potts to second
Runner from 2nd tries for 3rd, SAFE, throw by RF made to third
Batting: RHB Casey Suggs 0-0: Swinging Strike
0-1: Called Strike
0-2: Ball
1-2: Ball
2-2: Foul Ball, location: 2F
2-2: Strikes out swinging
Pinch Hitting: SHB Tommy Pettyjohn 0-0: Ball
1-0: Ball
2-0: Ball
3-0: Called Strike
3-1: Foul Ball, location: 2F
3-2: Strikes out swinging
Bottom of the 4th over - 0 runs, 1 hit, 0 errors, 2 left on base; Phoenix 3 - Carolina 1
TOP OF THE 5TH
Phoenix Roadrunners batting - Pitching for Carolina Tobs : LHP Miles Licon
Pitching: LHP Martin Hoffman
Now at SS: Tommy Pettyjohn
Now in RF: Scott Davila
Pinch Hitting: RHB Rick Anderson 0-0: Ball
1-0: Called Strike
1-1: Ball
2-1: Called Strike
2-2: Foul Ball, location: 2F
2-2: Ball
3-2: Base on Balls
Pinch Hitting: LHB Rayshaun Stuart 0-0: Swinging Strike
0-1: Ball
Rick Anderson is caught stealing 2nd base 2-6
1-1: Called Strike
1-2: Foul Ball, location: 2F
1-2: Strikes out swinging
Pinch Hitting: RHB Cody Barkley 0-0: Foul Ball, location: 2F
0-1: Swinging Strike
0-2: Ball
1-2: Strikes out swinging
Top of the 5th over - 0 runs, 0 hits, 0 errors, 0 left on base; Phoenix 3 - Carolina 1
BOTTOM OF THE 5TH
Carolina Tobs batting - Pitching for Phoenix Roadrunners : LHP Gerold Lentz
Pitching: LHP Logan Schneider
Now at 2B: Cody Barkley
Now at SS: Rick Anderson
Now in CF: Tavin Kang
Batting: LHB Clay Newhouse 0-0: Ball
1-0: Ground out U3 (Groundball, 34, EV 80.0 MPH)
Batting: RHB Marcus Fahr 0-0: Ball
1-0: Ball
2-0: SOLO HOME RUN (Flyball, 9D, EV 98.1 MPH), Distance : 377 ft
Pinch Hitting: LHB Spencer DeSimone 0-0: Ball
1-0: Ball
2-0: Called Strike
2-1: Ball
3-1: SINGLE (Line Drive, 8RS, EV 108.1 MPH)
Batting: LHB Kyle Siebert 0-0: Ball
1-0: Called Strike
1-1: Ball
2-1: Called Strike
2-2: Ball
3-2: Strikes out swinging
Batting: RHB Rykeem Potts 0-0: Ball
1-0: Ball
2-0: Fly out, F9 (Flyball, 9, EV 80.6 MPH)
Bottom of the 5th over - 1 run, 2 hits, 0 errors, 1 left on base; Phoenix 3 - Carolina 2
TOP OF THE 6TH
Phoenix Roadrunners batting - Pitching for Carolina Tobs : LHP Martin Hoffman
Pitching: RHP Daquein Kim
Now in CF: Spencer DeSimone
Batting: RHB Boone Gellings 0-0: Ground out 6-3 (Groundball, 6M, EV 105.0 MPH)
Pinch Hitting: RHB Scott McDonald 0-0: Called Strike
0-1: Ground out 6-3 (Groundball, 6, EV 103.1 MPH)
Pinch Hitting: RHB Reginald Botoman 0-0: Ball
1-0: Foul Ball, location: 2F
1-1: Called Strike
1-2: SINGLE (Groundball, 25, EV 68.1 MPH) (infield hit)
Pinch Hitting: RHB Cliff Passarelli 0-0: Foul Ball, location: 2F
0-1: Ball
1-1: Fielders Choice at 2nd, 5-4 (Groundball, 56, EV 108.1 MPH)
Top of the 6th over - 0 runs, 1 hit, 0 errors, 1 left on base; Phoenix 3 - Carolina 2
BOTTOM OF THE 6TH
Carolina Tobs batting - Pitching for Phoenix Roadrunners : LHP Logan Schneider
Pitching: LHP Bradley Gainer
Now at 1B: Cliff Passarelli
Now at 3B: Scott McDonald
Now in RF: Reginald Botoman
Batting: LHB Scott Davila 0-0: Swinging Strike
0-1: Fly out, F9 (Flyball, 9S, EV 74.4 MPH)
Batting: SHB Shaunte Panteleo 0-0: DOUBLE (Line Drive, 9LM, EV 106.2 MPH)
Batting: RHB Casey Suggs 0-0: Ball
1-0: Ball
2-0: Ball
3-0: Called Strike
3-1: Foul Ball, location: 2F
3-2: Base on Balls
Batting: SHB Tommy Pettyjohn 0-0: Ball
1-0: Called Strike
1-1: Called Strike
1-2: Strikes out swinging
Batting: LHB Clay Newhouse 0-0: Ball
1-0: Swinging Strike
1-1: Fly out, F8 (Flyball, 8LM, EV 79.4 MPH)
Bottom of the 6th over - 0 runs, 1 hit, 0 errors, 2 left on base; Phoenix 3 - Carolina 2
TOP OF THE 7TH
Phoenix Roadrunners batting - Pitching for Carolina Tobs : RHP Daquein Kim
Pitching: RHP Brendan Horstman
Batting: RHB Tommy Simpson 0-0: Called Strike
0-1: Ball
1-1: Swinging Strike
1-2: Ball
2-2: Strikes out looking
Batting: SHB Josiah Swallow 0-0: Called Strike
0-1: Foul Ball, location: 2F
0-2: Ball
1-2: Ball
2-2: Ball
3-2: Foul Ball, location: 2F
3-2: Fly out, F6 (Line Drive, 6, EV 71.2 MPH)
Batting: RHB Rick Anderson 0-0: Ball
1-0: Called Strike
1-1: Ball
2-1: Swinging Strike
2-2: Foul Ball, location: 2F
2-2: Ball
3-2: Foul Ball, location: 2F
3-2: Ground out 1-3 (Groundball, 15S, EV 69.4 MPH)
Top of the 7th over - 0 runs, 0 hits, 0 errors, 0 left on base; Phoenix 3 - Carolina 2
BOTTOM OF THE 7TH
Carolina Tobs batting - Pitching for Phoenix Roadrunners : LHP Bradley Gainer
Pitching: LHP Jeremy Thrasher
Batting: RHB Marcus Fahr 0-0: Fly out, F7 (Flyball, 7LS, EV 85.6 MPH)
Batting: LHB Spencer DeSimone 0-0: Ball
1-0: Foul Ball, location: 2F
1-1: Ball
2-1: Foul Ball, location: 2F
2-2: Ball
3-2: Fly out, F6 (Popup, 6MD, EV 54.4 MPH)
Batting: LHB Kyle Siebert 0-0: Foul Ball, location: 2F
0-1: Ball
1-1: Foul Ball, location: 2F
1-2: Ball
2-2: Strikes out looking
Bottom of the 7th over - 0 runs, 0 hits, 0 errors, 0 left on base; Phoenix 3 - Carolina 2
TOP OF THE 8TH
Phoenix Roadrunners batting - Pitching for Carolina Tobs : RHP Brendan Horstman
Batting: LHB Tavin Kang 0-0: Called Strike
0-1: Ball
1-1: Foul Ball, location: 2F
1-2: Strikes out swinging
Batting: RHB Cody Barkley 0-0: Foul Ball, location: 2F
0-1: Ball
1-1: Fly out, F8 (Flyball, 8LD, EV 104.4 MPH)
Batting: RHB Boone Gellings 0-0: Swinging Strike
0-1: Ball
1-1: Ball
2-1: Foul Ball, location: 2F
2-2: Fly out, F7 (Flyball, 78M, EV 93.1 MPH)
Top of the 8th over - 0 runs, 0 hits, 0 errors, 0 left on base; Phoenix 3 - Carolina 2
BOTTOM OF THE 8TH
Carolina Tobs batting - Pitching for Phoenix Roadrunners : LHP Jeremy Thrasher
Pitching: RHP Weston Pilling
Batting: RHB Rykeem Potts 0-0: Ball
1-0: Ball
2-0: Called Strike
2-1: Ball
3-1: Ground out 6-3 (Groundball, 6, EV 78.8 MPH)
Batting: LHB Scott Davila 0-0: Swinging Strike
0-1: Called Strike
0-2: Ball
1-2: Strikes out swinging
Batting: SHB Shaunte Panteleo 0-0: Swinging Strike
0-1: Ground out 6-3 (Groundball, 6M, EV 106.9 MPH)
Bottom of the 8th over - 0 runs, 0 hits, 0 errors, 0 left on base; Phoenix 3 - Carolina 2
TOP OF THE 9TH
Phoenix Roadrunners batting - Pitching for Carolina Tobs : RHP Brendan Horstman
Pitching: RHP Jakob Williamson
Batting: RHB Scott McDonald 0-0: Called Strike
0-1: Ball
1-1: Called Strike
1-2: Ball
2-2: Fly out, F7 (Flyball, 7D, EV 88.1 MPH)
Batting: RHB Reginald Botoman 0-0: Foul Ball, location: 2F
0-1: Ball
1-1: Fly out, F8 (Flyball, 89D, EV 95.6 MPH)
Batting: RHB Cliff Passarelli 0-0: Called Strike
0-1: Ball
1-1: Foul Ball, location: 2F
1-2: Foul Ball, location: 2F
1-2: Strikes out swinging
Top of the 9th over - 0 runs, 0 hits, 0 errors, 0 left on base; Phoenix 3 - Carolina 2
BOTTOM OF THE 9TH
Carolina Tobs batting - Pitching for Phoenix Roadrunners : RHP Weston Pilling
Pitching: LHP Da'Shonte Ruvelas
Batting: RHB Casey Suggs 0-0: Ball
1-0: Ball
2-0: Ball
3-0: Base on Balls
Batting: SHB Tommy Pettyjohn 0-0: Bunt missed!
0-1: Sac Bunt to 15 - play at second, runner OUT! 1-6
Batting: LHB Clay Newhouse 0-0: Foul Ball, location: 2F
0-1: Called Strike
0-2: Ball
1-2: Ball
2-2: Foul Ball, location: 2F
2-2: Foul Ball, location: 2F
2-2: Foul Ball, location: 2F
2-2: Foul Ball, location: 2F
2-2: Ball
3-2: Strikes out swinging
Batting: LHB Obie Biggs 0-0: Ball
1-0: Fly out, F7 (Flyball, 7S, EV 77.5 MPH)
Bottom of the 9th over - 0 runs, 0 hits, 0 errors, 1 left on base; Phoenix 3 - Carolina 2
Wednesday, April 17th , 2024 - OOTP Baseball 23.10 Build 110